 Dungeon Crawl Stone Soup version 0.27.1-33-g824d729ab1 (webtiles) character file.

Game seed: 6115682154283411287

3 jlumianski the Skirmisher (level 1, -1/14 HPs)
             Began as a Gargoyle Monk on Dec 15, 2021.
             Slain by Natasha (6 damage)
             ... on level 2 of the Dungeon.
             The game lasted 00:00:41 (193 turns).

jlumianski the Skirmisher (Gargoyle Monk)            Turns: 193, Time: 00:00:42

Health: -1/14      AC:  4    Str: 14    XL:     1   Next: 50%
Magic:  1/1        EV: 12    Int: 10    God:
Gold:   11         SH:  0    Dex: 12    Spells: 0/0 levels left

rFire    . . .     SeeInvis .   a - +0 hand axe
rCold    . . .     Faith    .   (no shield)
rNeg     + . .     Spirit   .   b - +0 robe
rPois    ∞         Reflect  .   (no helmet)
rElec    +         Harm     .   (no cloak)
rCorr    .         Rampage  .   (no gloves)
Will     .....                  (no boots)
Stlth    ++........             (no amulet)
HPRegen  0.04/turn              (no ring)
MPRegen  0.07/turn              (no ring)

@: no status effects
A: sickness immunity, AC +2, negative energy resistance 1, electricity
resistance, torment resistance 1, petrification resistance
a: no special abilities


You were on level 2 of the Dungeon.
You visited 1 branch of the dungeon, and saw 2 of its levels.

You collected 11 gold pieces.

Inventory:

Hand Weapons
 a - a +0 hand axe (weapon)
Armour
 b - a +0 robe (worn)
Scrolls
 c - 2 scrolls of identify {unknown}
 d - a scroll of fear {unknown}
Potions
 e - a potion of attraction {unknown}


   Skills:
 + Level 3.2 Fighting
 + Level 2.9 Axes
 + Level 2.4 Dodging
 + Level 2.1 Stealth


You couldn't memorise any spells.
You didn't know any spells.
Your spell library was empty.

Dungeon Overview and Level Annotations

Branches:
Dungeon (2/15)

Altars:

Annotations:
D:2 Natasha


Innate Abilities, Weirdness & Mutations

You are immune to sickness and miasma.
Your stone body is resilient. (AC +2)
You are immune to poison.
You resist negative energy. (rN+)
You are resistant to electric shocks. (rElec)
You are resistant to unholy torment.
You are immune to petrification.


Message History

You slash the ball python!
You kill the ball python!
c - 2 scrolls labelled VESUTZ ONWELI (gained 1)
A kobold comes into view. It is wielding a +0 short sword.
The kobold shouts!
A hobgoblin comes into view.
The hobgoblin shouts!
You closely miss the kobold. You hit the hobgoblin.
The kobold closely misses you. The hobgoblin barely misses you.
You hit the kobold.
You kill the kobold!
You hit the hobgoblin. The hobgoblin closely misses you.
The hobgoblin hits you.
Things that are here:
a +0 short sword; a kobold corpse You closely miss the hobgoblin.
The hobgoblin is heavily wounded.
The hobgoblin barely misses you.
You hit the hobgoblin.
You kill the hobgoblin!
You see here a hobgoblin corpse.
There is a stone staircase leading down here.
You climb downwards.
There is a stone staircase leading up here.
Natasha, Servant of Life and Death comes into view.
Natasha hisses angrily.
Natasha mumbles some strange words.
The crimson imp blinks!
Natasha claws you.
You closely miss Natasha. You closely miss the crimson imp. Natasha misses you.
The crimson imp completely misses you.
You hit Natasha.
Natasha is moderately wounded.
You completely miss the crimson imp.
Natasha stares at you and mumbles some strange words.
The magic dart hits you. The crimson imp barely misses you.
You hit Natasha.
Natasha is heavily wounded.
You hit the crimson imp. Natasha claws you.
You die...

### ##.. ..#####
#####.....# #
#....<# ###+#+##..
#.###.###
#.........
#.....#+##.........
#.#........5.......
#.#........@.......
# #.........h......
#................
#################


You could see Natasha and a crimson imp (summoned).

Vanquished Creatures
  A hobgoblin (D:1)
  A ball python (D:1)
  A bat (D:1)
  A kobold (D:1)
4 creatures vanquished.

Notes
Turn   | Place    | Note
-------+----------+-------------------------------------------
     0 | D:1      | jlumianski the Gargoyle Monk began the quest for the Orb.
     0 | D:1      | Reached XP level 1. HP: 14/14 MP: 1/1
   187 | D:2      | Noticed Natasha
   188 | D:2      | Noticed a crimson imp
   193 | D:2      | Slain by Natasha

Illustrated notes

Levels and vault maps discovered:
D:1:      ldierk_walled_garden_2, layout_basic, minivault_25,
          minmay_misc_feat_five, grunt_decor_junction, hex_intersection
D:2:      layout_basic, shapermc_ecumenical_altar_starsandcircs, basic_altar,
          uniq_natasha, uniq_crazy_yiuf_cottage, uniq_robin

Action                   || total
-------------------------++-------
Melee: Hand axe          ||    10
Dodge: Dodged            ||     8
